 Dungeon Crawl Stone Soup version 0.20.0-15-g7f486f2 (webtiles) character file.

84145 TheDude42 the Peltast (level 15, -18/101 HPs)
             Began as a Gargoyle Fighter on June 16, 2017.
             Was the Champion of Okawaru.
             Killed from afar by a fire giant (42 damage)
             ... with a fireball
             ... on level 15 of the Dungeon.
             The game lasted 01:02:37 (24279 turns).

TheDude42 the Peltast (Gargoyle Fighter)           Turns: 24279, Time: 01:02:38

Health: -18/101    AC: 34    Str: 26    XL:     15   Next: 79%
Magic:  22/22      EV:  7    Int: 12    God:    Okawaru [******]
Gold:   2159       SH: 15    Dex: 13    Spells: 14/14 levels left

rFire    . . .     SeeInvis +   c - +1 eveningstar (holy)
rCold    + . .     Gourm    .   i - +0 shield {reflect}
rNeg     + . .     Faith    +   g - +2 plate armour {rC+}
rPois    ∞         Spirit   .   Q - +2 hat {Int+3}
rElec    +         Reflect  +   S - scarf {repulsion}
rCorr    .         Harm     .   r - +0 pair of gloves
MR       ++...                  p - +2 pair of boots of the Spheres {MR+}
Stlth    ..........             F - amulet of faith
Regen    0.3/turn               E - ring of see invisible
MPRegen  0.2/turn               y - +4 ring of dexterity

@: flying, repel missiles
A: big wings, negative energy resistance 1, electricity resistance, unbreathing,
petrification resistance, rot immunity, AC +11
a: Stop Flying, Heroism, Finesse, Renounce Religion


You were on level 15 of the Dungeon.
You worshipped Okawaru.
Okawaru was exalted by your worship.
You were hungry.

You visited 4 branches of the dungeon, and saw 24 of its levels.

You collected 2192 gold pieces.
You spent 33 gold pieces at shops.

Inventory:

Hand Weapons
 c - a +1 eveningstar of holy wrath (weapon)
 T - a +5 demon whip of protection
Missiles
 x - 13 javelins (quivered)
Armour
 g - a +2 plate armour of cold resistance (worn)
 i - a +0 shield of reflection (worn)
 o - a +0 crystal plate armour
 p - the +2 pair of boots of the Spheres (worn) {MR+}
   (Okawaru gifted it to you on level 6 of the Lair of Beasts)

   It affects your resistance to hostile enchantments.
 r - a +0 pair of gloves (worn)
 Q - a +2 hat of intelligence (worn)
 S - a scarf of repulsion (worn)
 Y - a +1 chain mail of magic resistance
Jewellery
 y - a +4 ring of dexterity (right hand)
 C - the ring "Hoguts" {rF+ Stlth+}
   (You found it on level 14 of the Dungeon)

   [ring of stealth]

   It protects you from fire.
   It makes you more stealthy.
 E - a ring of see invisible (left hand)
 F - an amulet of faith (around neck)
 N - an uncursed ring of protection from cold
Wands
 j - a wand of acid (15/15)
 W - a wand of iceblast (5/15)
Scrolls
 e - 17 scrolls of remove curse
 h - 9 scrolls of teleportation
 k - 2 scrolls of identify
 l - 2 scrolls of fear
 v - a scroll of enchant armour
 B - a scroll of fog
 K - 4 scrolls of blinking
 V - a scroll of magic mapping
Potions
 a - 4 potions of resistance
 b - a potion of berserk rage
 d - 4 potions of might
 n - 9 potions of curing
 t - a potion of cancellation
 u - 8 potions of heal wounds
 z - 4 potions of agility
 G - 3 potions of haste
 Z - a potion of magic
Books
 q - a book of Geomancy

   Spells                             Type                      Level
   a - Sandblast                      Earth                        1
   b - Passwall                       Transmutation/Earth          2
   c - Stone Arrow                    Conjuration/Earth            3
   d - Petrify                        Transmutation/Earth          4
   e - Lee's Rapid Deconstruction     Earth                        5
Miscellaneous
 m - a fan of gales
Comestibles
 f - 16 bread rations
 D - 7 meat rations
 I - 8 royal jellies
 M - 24 fruits


   Skills:
 + Level 14.7 Fighting
 - Level 14.0 Maces & Flails
 - Level 10.5 Armour
 + Level 16.0 Shields
 - Level 10.1 Invocations


You had 14 spell levels left.
You didn't know any spells.

Dungeon Overview and Level Annotations

Branches:
Dungeon (15/15)            Temple (1/1) D:5            Lair (6/6) D:8
  Swamp (0/4) Lair:2        Snake (0/4) Lair:4        Slime (0/5) Lair:6
    Orc (2/2) D:12            Elf (0/3) Orc:2        Vaults (0/5) D:14
 Depths (0/5) D:15

Altars:
Ashenzari
Cheibriados
Dithmenos
Elyvilon
Fedhas
Gozag
Hepliaklqana
Kikubaaqudgha
Makhleb
Nemelex Xobeh
Okawaru
Qazlal
Ru
Sif Muna
Trog
Uskayaw
Vehumet
Xom
Yredelemnul
Zin
The Shining One
Jiyva

Shops:
D:6 *   D:9 }!   D:13 (   Orc:1 }   Orc:2 [(}%

Annotations:
D:13 exclusion: orange crystal statue


Innate Abilities, Weirdness & Mutations

You are resistant to torment.
Your stone body is resilient. (AC +11)
You are immune to poison.
Your large and strong wings let you fly indefinitely.
You resist negative energy. (rN+)
You are resistant to electric shocks. (rElec)
You can survive without breathing.
You are immune to petrification.
You are immune to rotting.


Message History

The fireball engulfs the fire giant.
The fire giant resists.
You sock the fire giant!
The fire giant is heavily wounded.
The fire giant points at you and mumbles some strange words.
The fireball explodes!
The fireball engulfs you!
The fireball engulfs the fire giant.
The fire giant resists.
The fire giant shouts!
You sock the fire giant!
The fire giant is severely wounded.
You puncture the fire giant!
The fire giant is almost dead.
The fire giant hits you with a great sword of flaming!
* * * LOW HITPOINT WARNING * * *
The fire giant burns you.
* * * LOW HITPOINT WARNING * * *
You hit the fire giant.
The fire giant is almost dead.
The fire giant casts a spell at you.
The fireball explodes!
The fireball engulfs you!
You die...

#....###### # #....# #
###....## #.......#
#.#####.# #. #.## #
####..#####
##.§.§.....## ###
#..≈§@§..≈... ..# #
#...≈§§≈C≈≈≈≈§. #.# #
#..§§#§§§§≈#≈≈§ #.###
#...≈≈§§.§≈≈§.§ ###.##.
#.§≈≈≈..§..≈≈≈.###.#....
#...#§≈.>.≈≈#.§.........
##.≈≈≈.§...≈§≈§.##.###..
#..≈≈≈.§.≈≈§......# #..
≈≈≈#≈≈§.##.# #..


You could see a fire giant.

Vanquished Creatures
  Rupert (D:13)
  Gastronok (D:8)
  Frances (D:12)
  Donald (Orc:2)
  A frost giant (D:12)
  An orc warlord (Orc:1)
  Nessos (D:12)
  5 dire elephants (Lair:6)
  Snorg (D:12)
  Harold (Lair:3)
  4 hydras
  An anaconda (Lair:6)
  A centaur warrior (D:14)
  16 two-headed ogres
  2 ogre magi (Orc:2)
  Urug (Lair:3)
  Sonja (Lair:3)
  3 skeletal warriors (D:14)
  An unseen horror (D:15)
  2 deep trolls (Orc:2)
  A necromancer (D:14)
  A deep elf mage (D:14)
  5 cyclopes
  2 manticores
  2 ugly things
  26 elephants
  5 black mambas
  Maurice (D:8)
  Joseph (D:9)
  A gargoyle (D:15)
  4 rime drakes
  3 centaur skeletons
  6 komodo dragons
  6 spiny frogs
  2 kobold demonologists
  A tyrant leech (Lair:2)
  15 trolls
  Prince Ribbit (D:8)
  9 blink frogs
  5 slime creatures (D:11)
  3 hippogriffs
  25 yaks
  6 wyverns
  A hungry ghost (D:11)
  4 vampire mosquitoes (D:15)
  An acid dragon (D:14)
  2 wargs (Orc:1)
  2 nagas (Lair:4)
  12 water moccasins
  8 porcupines
  2 ice beasts
  20 orc warriors
  A sky beast (D:5)
  2 phantoms
  2 black bears (D:13)
  27 ogres
  10 wolves
  17 crocodiles
  The ghost of sscrono2 the Sneak, an amateur OpAs of Gozag (D:3)
  10 centaurs
  2 big kobolds
  22 bullfrogs
  A wyvern skeleton (D:10)
  3 scorpions
  3 killer bees (D:10)
  12 wights
  2 howler monkeys
  An electric eel (Lair:6)
  5 centaur zombies
  4 crimson imps
  8 orc priests
  5 hounds
  3 jellies
  25 orc wizards
  A bullfrog skeleton (D:5)
  3 iguanas
  5 worker ants
  A hound skeleton (D:6)
  A worker ant zombie (D:10)
  Robin (D:4)
  14 adders
  4 shadow imps
  An adder zombie (D:9)
  An ooze (D:4)
  3 adder skeletons
  3 worms (D:3)
  8 dart slugs
  6 leopard geckos
  80 orcs
  14 bats
  7 giant cockroaches
  11 goblins
  10 hobgoblins
  11 jackals
  4 quokkas
  6 frilled lizards
  24 kobolds
  A leopard gecko zombie (D:7)
  7 rats
  A plant (Lair:6)
623 creatures vanquished.

Vanquished Creatures (others)
  2 orcs (Orc:2)
  A bush (Lair:6)
  10 fungi
  10 plants (Lair:6)
23 creatures vanquished.

Grand Total: 646 creatures vanquished

Notes
Turn   | Place    | Note
-------+----------+-------------------------------------------
     0 | D:1      | TheDude42 the Gargoyle Fighter began the quest for the Orb.
     0 | D:1      | Reached XP level 1. HP: 14/14 MP: 1/1
    91 | D:1      | Reached XP level 2. HP: 14/19 MP: 2/2
   563 | D:1      | Reached XP level 3. HP: 24/24 MP: 3/3
  1073 | D:2      | Reached XP level 4. HP: 23/29 MP: 4/4
  1418 | D:3      | Noticed sscrono2's ghost (amateur OpAs)
  1449 | D:3      | Killed sscrono2's ghost
  1449 | D:3      | Reached skill level 5 in Maces & Flails
  1449 | D:3      | Reached XP level 5. HP: 22/33 MP: 5/5
  1658 | D:3      | Noticed an air elemental
  1660 | D:3      | Found a stormy altar of Qazlal.
  1662 | D:3      | Noticed a water elemental
  1662 | D:3      | Noticed a fire elemental
  1897 | D:3      | Found an opulent altar of Gozag.
  1897 | D:3      | Found a faded altar of an unknown god.
  1904 | D:3      | Found a snail-covered altar of Cheibriados.
  1906 | D:3      | Found a faded altar of an unknown god.
  1907 | D:3      | Found a radiant altar of Vehumet.
  2303 | D:4      | Noticed Robin
  2339 | D:4      | Killed Robin
  2339 | D:4      | Reached XP level 6. HP: 29/38 MP: 6/6
  3230 | D:5      | Entered Level 5 of the Dungeon
  3389 | D:5      | Reached XP level 7. HP: 32/44 MP: 7/7
  3730 | D:5      | Found a staircase to the Ecumenical Temple.
  3738 | Temple   | Entered the Ecumenical Temple
  3773 | Temple   | Became a worshipper of Warmaster Okawaru
  4272 | D:6      | Reached XP level 8. HP: 36/48 MP: 8/8
  4278 | D:6      | Found Sihuohats's General Store.
  4311 | D:6      | Bought a scroll of remove curse for 33 gold pieces
  4523 | D:6      | Reached skill level 5 in Fighting
  4619 | D:6      | Reached * piety under Okawaru
  5533 | D:8      | Reached skill level 10 in Maces & Flails
  5534 | D:8      | Found a staircase to the Lair.
  5686 | D:8      | Reached ** piety under Okawaru
  5691 | D:8      | Noticed Prince Ribbit
  5872 | D:8      | Killed Prince Ribbit
  5872 | D:8      | Reached XP level 9. HP: 54/54 MP: 6/9
  5932 | D:8      | Noticed Gastronok
  6195 | D:8      | Noticed a two-headed ogre
  6211 | D:8      | Killed a two-headed ogre
  6216 | D:8      | Reached *** piety under Okawaru
  6479 | D:8      | Noticed Maurice
  6566 | D:8      | Noticed a troll
  6583 | D:8      | Killed a troll
  6887 | D:8      | Killed Gastronok
  6887 | D:8      | Reached **** piety under Okawaru
  6887 | D:8      | Received a gift from Okawaru
  6887 | D:8      | Reached skill level 5 in Shields
  6887 | D:8      | Reached XP level 10. HP: 54/59 MP: 8/10
  7016 | D:8      | Noticed a two-headed ogre
  7030 | D:8      | Killed a two-headed ogre
  7030 | D:8      | Reached ***** piety under Okawaru
  7513 | D:8      | Killed Maurice
  7513 | D:8      | Reached skill level 6 in Shields
  7513 | D:8      | Reached skill level 1 in Invocations
  7764 | D:8      | Noticed a two-headed ogre
  7775 | D:8      | Killed a two-headed ogre
  7775 | D:8      | Reached skill level 7 in Shields
  7775 | D:8      | Reached XP level 11. HP: 42/64 MP: 8/12
  7918 | Lair:1   | Entered Level 1 of the Lair of Beasts
  8042 | Lair:1   | Reached skill level 8 in Shields
  8355 | Lair:1   | Received a gift from Okawaru
  8501 | Lair:1   | Reached skill level 9 in Shields
  9342 | Lair:2   | Received a gift from Okawaru
  9497 | Lair:2   | Found a staircase to the Swamp.
  9555 | Lair:2   | Reached skill level 10 in Shields
  9881 | Lair:2   | Reached skill level 5 in Invocations
 10175 | Lair:2   | Received a gift from Okawaru
 10344 | Lair:2   | Reached XP level 12. HP: 72/72 MP: 16/16
 10368 | Lair:2   | Noticed an eight-headed hydra
 10377 | Lair:2   | Killed an eight-headed hydra
 10377 | Lair:2   | Reached skill level 5 in Armour
 11269 | Lair:3   | Noticed Urug
 11291 | Lair:3   | Killed Urug
 11591 | Lair:3   | Noticed Harold
 11623 | Lair:3   | Killed Harold
 11642 | Lair:3   | Noticed Sonja
 11675 | Lair:3   | Killed Sonja
 11731 | Lair:3   | Noticed a five-headed hydra
 11743 | Lair:3   | Killed a five-headed hydra
 11743 | Lair:3   | Received a gift from Okawaru
 11744 | Lair:3   | Got an encrusted short sword {god gift}
 12145 | Lair:4   | Reached skill level 10 in Invocations
 12152 | Lair:4   | Reached XP level 13. HP: 76/76 MP: 14/20
 12581 | Lair:4   | You fall through a shaft!
 12586 | Lair:5   | Reached skill level 10 in Armour
 12669 | Lair:4   | Reached ****** piety under Okawaru
 12680 | Lair:4   | Found a staircase to the Snake Pit.
 12953 | Lair:5   | Received a gift from Okawaru
 13756 | Lair:6   | Entered Level 6 of the Lair of Beasts
 13969 | Lair:6   | Received a gift from Okawaru
 13970 | Lair:6   | Got a pair of faintly humming boots {god gift}
 14011 | Lair:6   | Found a viscous altar of Jiyva.
 14012 | Lair:6   | Found a staircase to the Slime Pits.
 14783 | Lair:6   | Reached skill level 11 in Shields
 14802 | Lair:6   | Identified the +2 pair of boots of the Spheres {MR+} (Okawaru gifted it to you on level 6 of the Lair of Beasts)
 14950 | Lair:6   | Reached skill level 10 in Fighting
 15129 | Lair:6   | Noticed a dire elephant
 15129 | Lair:6   | Noticed a dire elephant
 15151 | Lair:6   | Killed a dire elephant
 15163 | Lair:6   | Killed a dire elephant
 15424 | Lair:6   | Noticed a dire elephant
 15453 | Lair:6   | Killed a dire elephant
 15623 | Lair:6   | Noticed a dire elephant
 15624 | Lair:6   | Noticed a dire elephant
 15636 | Lair:6   | Killed a dire elephant
 15649 | Lair:6   | Killed a dire elephant
 15649 | Lair:6   | Gained mutation: Your large and strong wings let you fly indefinitely. [Gargoyle growth]
 15649 | Lair:6   | Reached XP level 14. HP: 36/88 MP: 14/21
 15722 | Lair:6   | Received a gift from Okawaru
 16233 | D:9      | Found Cobull's Distillery.
 16485 | D:9      | Found Anluohen's Gadget Shoppe.
 16616 | D:9      | Noticed Joseph
 16629 | D:9      | Killed Joseph
 16629 | D:9      | Reached skill level 12 in Shields
 16950 | D:10     | Entered Level 10 of the Dungeon
 18290 | D:11     | Found a glowing silver altar of Zin.
 18536 | D:12     | Noticed a frost giant
 18570 | D:12     | Killed a frost giant
 18875 | D:12     | Noticed Nessos
 18895 | D:12     | Killed Nessos
 18995 | D:12     | Noticed Snorg
 19014 | D:12     | Killed Snorg
 19014 | D:12     | Received a gift from Okawaru
 19014 | D:12     | Reached skill level 13 in Shields
 19107 | D:12     | Found a staircase to the Orcish Mines.
 19201 | D:12     | Noticed Frances
 19226 | D:12     | Killed Frances
 19896 | D:13     | Found Xuseotte's Weapon Emporium.
 20172 | D:13     | Noticed Rupert
 20195 | D:13     | Killed Rupert
 20659 | D:14     | Reached skill level 14 in Shields
 20753 | D:14     | Received a gift from Okawaru
 20753 | D:14     | Reached XP level 15. HP: 56/99 MP: 22/22
 20960 | D:14     | Found a gate to the Vaults.
 21229 | D:14     | Got a wavering wooden ring
 21230 | D:14     | Identified the ring "Hoguts" {rF+ Stlth+} (You found it on level 14 of the Dungeon)
 21720 | Orc:1    | Entered Level 1 of the Orcish Mines
 21951 | Orc:1    | Found Taceugh's Gadget Shoppe.
 22083 | Orc:2    | Entered Level 2 of the Orcish Mines
 22096 | Orc:2    | Noticed an orc warlord
 22240 | Orc:1    | Killed an orc warlord
 22240 | Orc:1    | Received a gift from Okawaru
 22407 | Orc:2    | Found a staircase to the Elven Halls.
 22653 | Orc:2    | Noticed Donald
 22692 | Orc:2    | Killed Donald
 22692 | Orc:2    | Reached skill level 15 in Shields
 22735 | Orc:2    | Found Tedaj's Gadget Emporium.
 22794 | Orc:2    | Received a gift from Okawaru
 23222 | Orc:2    | Found Necsuni's Armour Boutique.
 23227 | Orc:2    | Found Entad's Food Shoppe.
 23228 | Orc:2    | Found Wuiten's Weapon Shoppe.
 23833 | D:15     | Entered Level 15 of the Dungeon
 23948 | D:15     | Found a staircase to the Depths.
 23948 | D:15     | Noticed a fire giant
 24180 | D:15     | Reached skill level 16 in Shields
 24279 | D:15     | Killed from afar by a fire giant

Skill      XL: |  1  2  3  4  5  6  7  8  9 10 11 12 13 14 15 |
---------------+----------------------------------------------+-----
Maces & Flails | 3 5 6 8 10 13 14 | 14.0
Fighting       | 4 5 7 10 13 14 | 14.7
Shields        | 5 7 10 11 14 16 | 16.0
Invocations    | 1 5 10 | 10.1
Armour         | 4 9 10 | 10.5

Action                   |  1- 3 |  4- 6 |  7- 9 | 10-12 | 13-15 || total
-------------------------+-------+-------+-------+-------+-------++-------
Melee: Flail             |   140 |   334 |       |       |       ||   474
       Morningstar       |       |     3 |   237 |   192 |       ||   432
       Demon whip        |       |       |       |   369 |  1366 ||  1735
       Eveningstar       |       |       |       |       |   338 ||   338
Throw: Javelin           |       |       |    12 |       |     2 ||    14
Invok: Heroism           |       |       |     5 |     7 |    10 ||    22
       Finesse           |       |       |       |     4 |     8 ||    12
  Use: Potion            |       |     1 |       |       |     1 ||     2
       Scroll            |       |       |     5 |     9 |    20 ||    34
  Eat: Chunk             |     1 |     8 |    11 |    16 |    38 ||    74
       Fruit             |       |       |       |     1 |     1 ||     2
Armor: Scale mail        |    87 |   197 |    95 |   134 |       ||   513
       Chain mail        |       |       |       |    20 |   428 ||   448
       Plate armour      |       |       |       |       |   178 ||   178
Dodge: Dodged            |    52 |   101 |    57 |    94 |   311 ||   615
       Deflected         |       |       |       |       |    15 ||    15
Block: Shield            |    74 |   172 |    71 |   201 |   929 ||  1447
       Reflection        |       |       |       |       |    19 ||    19
